 Dungeon Crawl Stone Soup version 0.29-a0-775-g4d7333d4e2 (webtiles) character file.

Game seed: 18141419819901475876

513 Zdeegee the Skirmisher (level 7, -4/56 HPs)
             Began as a Gnoll Hunter on July 1, 2022.
             Killed from afar by Dowan (10 damage)
             ... with a stone arrow
             ... on level 4 of the Dungeon.
             The game lasted 00:08:29 (4255 turns).

Zdeegee the Skirmisher (Gnoll Hunter)               Turns: 4255, Time: 00:08:29

Health: -4/56      AC:  6    Str:  9 (11) XL:     7   Next: 20%
Magic:  10/10      EV: 13    Int:  8      God:
Gold:   156        SH:  5    Dex: 14 (17) Spells: 10/10 levels left

rFire   + . .      SeeInvis .   B - +3 quarterstaff (chaos)
rCold   + + .      Faith    .   (shield currently unavailable)
rNeg    . . .      Spirit   .   c - +0 leather armour
rPois   +          Reflect  +   i - +1 helmet
rElec   +          Harm     .   l - +0 cloak
rCorr   +          Rampage  .   (no gloves)
Will    .....                   (no boots)
Stlth   ++........              q - amulet of reflection
HPRegen 0.18/turn               g - ring of protection from cold
MPRegen 0.12/turn               (no ring)

@: mighty, brilliant, resistant
A: fangs 1, strong nose, distributed training
a: no special abilities


You were on level 4 of the Dungeon.
You visited 1 branch of the dungeon, and saw 4 of its levels.

You collected 333 gold pieces.
You spent 177 gold pieces at shops.

Inventory:

Hand Weapons
 a - a +0 shortbow
 b - a +2 dagger of venom
 B - a +3 quarterstaff of chaos (weapon)
 C - a +0 hammer of holy wrath
Armour
 c - a +0 leather armour (worn)
 i - a +1 helmet (worn)
 l - a +0 cloak (worn)
Jewellery
 g - a ring of protection from cold (left hand)
 q - an amulet of reflection (around neck)
Scrolls
 d - a scroll of immolation
 e - a scroll of amnesia {unknown}
 f - a scroll of enchant armour {unknown}
 j - 3 scrolls of teleportation
 k - a scroll of noise {unknown}
 m - 4 scrolls of identify
 o - a scroll of vulnerability {unknown}
 s - a scroll of blinking {unknown}
 t - a scroll of summoning {unknown}
 y - 3 scrolls of fog {unknown}
 z - a scroll of poison {unknown}
 A - a scroll of silence {unknown}
Potions
 n - a potion of mutation {unknown}
 p - a potion of might
 r - 3 potions of attraction
 u - a potion of degeneration


   Skills:
 + Level 5.2 Fighting
 + Level 2.4 Short Blades
 + Level 2.4 Long Blades
 + Level 2.4 Axes
 + Level 2.4 Maces & Flails
 + Level 2.4 Polearms
 + Level 2.4 Staves
 + Level 8.9 Ranged Weapons
 + Level 2.4 Throwing
 + Level 2.4 Armour
 + Level 5.2 Dodging
 + Level 3.4 Stealth
 + Level 2.4 Shields
 + Level 2.4 Unarmed Combat
 + Level 2.4 Spellcasting
 + Level 2.0 Conjurations
 + Level 2.0 Hexes
 + Level 2.0 Summonings
 + Level 2.0 Necromancy
 + Level 2.0 Translocations
 + Level 2.0 Transmutations
 + Level 2.0 Fire Magic
 + Level 2.0 Ice Magic
 + Level 2.0 Air Magic
 + Level 2.0 Earth Magic
 + Level 2.0 Poison Magic
 + Level 2.7 Invocations
 + Level 2.4 Evocations


You had 10 spell levels left.
You didn't know any spells.
Your spell library was empty.

Dungeon Overview and Level Annotations

Branches:
Dungeon (4/15)
 Temple: D:4-7

Altars:

Shops:
D:2 !!*?*

Annotations:
D:4 Dowan


Innate Abilities, Weirdness & Mutations

You have very sharp teeth.
Your uncanny sense of smell can sniff out nearby items.
Your experience applies equally to all skills.


Message History

Dowan says, "Her death will not be in vain!"
Dowan gestures wildly while chanting.
Dowan blinks!
You feel your intelligence returning.
Your Conjurations skill increases to level 2!
Your Hexes skill increases to level 2!
Your Summonings skill increases to level 2!
Your Necromancy skill increases to level 2!
Your Translocations skill increases to level 2!
Your Transmutations skill increases to level 2!
Your Fire Magic skill increases to level 2!
Your Ice Magic skill increases to level 2!
Your Air Magic skill increases to level 2!
Your Earth Magic skill increases to level 2!
Your Poison Magic skill increases to level 2!
You have reached level 7!
It was a potion of brilliance.
You feel clever all of a sudden.
It was a potion of resistance.
You feel protected.
It was a potion of magic.
Magic courses through your body. Dowan hits you with a +0 dagger.
* * * LOW HITPOINT WARNING * * *
You block Dowan's attack.
You sock Dowan!
Dowan is poisoned.
Dowan is heavily wounded.
You block Dowan's attack.
You barely miss Dowan.
Dowan is severely wounded.
Dowan hits you with a +0 dagger.
* * * LOW HITPOINT WARNING * * *
Dowan casts a spell.
Dowan blinks!
Dowan gestures wildly while chanting.
Dowan blinks!
Things that are here:
a +0 rapier; a +0 chain mail Dowan points at you and mumbles some strange words.
The stone arrow hits you!
You die...

#........##
........
#.........##
.......
#..........##
.......
#...........##
.........
#......####..##
..........
#.....##
##...##...........
#....##
#..e........####(.
#...##
#.........## ### #
..# ##@..###..## #
##.ยง### ..# #
##).## #.# #.###
## ###


You could see Dowan (fast, very poisoned).

Vanquished Creatures
  Duvessa (D:4)
  A scorpion (D:4)
  Crazy Yiuf (D:3)
  A bouda (D:4)
  2 iguanas (D:4)
  2 orc wizards
  3 gnolls (D:4)
  4 adders
  An ufetubus (D:4)
  A worm (D:3)
  2 dart slugs
  10 orcs
  A ball python (D:3)
  5 bats
  9 endoplasms
  6 giant cockroaches
  14 goblins
  11 hobgoblins
  12 jackals
  5 quokkas
  7 frilled lizards
  7 kobolds
  3 rats (D:2)
109 creatures vanquished.

Notes
Turn   | Place    | Note
-------+----------+-------------------------------------------
     0 | D:1      | Zdeegee the Gnoll Hunter began the quest for the Orb.
     0 | D:1      | Reached XP level 1. HP: 20/20 MP: 1/1
   118 | D:1      | Reached XP level 2. HP: 23/26 MP: 2/2
   610 | D:1      | Reached XP level 3. HP: 31/31 MP: 3/3
   845 | D:2      | Found Nesuasch's Assorted Antiques.
   852 | D:2      | Reached skill level 1 in Invocations
   860 | D:2      | Bought a scroll labelled TOIXKY NOTWIN for 28 gold pieces
   860 | D:2      | Bought an inky potion for 25 gold pieces
   860 | D:2      | Bought a scroll labelled DAIFYJ TYASSIK for 28 gold pieces
   860 | D:2      | Bought a murky white potion for 25 gold pieces
   876 | D:2      | Found Qaifa's Distillery.
   894 | D:2      | Bought a potion of curing for 39 gold pieces
   986 | D:2      | Found Judeif's Distillery.
  1080 | D:2      | Found Xeant's Magic Scroll Shop.
  1232 | D:2      | Reached skill level 1 in Short Blades
  1232 | D:2      | Reached skill level 1 in Long Blades
  1232 | D:2      | Reached skill level 1 in Axes
  1232 | D:2      | Reached skill level 1 in Maces & Flails
  1232 | D:2      | Reached skill level 1 in Polearms
  1232 | D:2      | Reached skill level 1 in Staves
  1232 | D:2      | Reached skill level 1 in Throwing
  1232 | D:2      | Reached skill level 1 in Armour
  1232 | D:2      | Reached skill level 1 in Shields
  1232 | D:2      | Reached skill level 1 in Unarmed Combat
  1232 | D:2      | Reached skill level 1 in Spellcasting
  1232 | D:2      | Reached skill level 1 in Evocations
  1321 | D:2      | Found Qyedafa Jeph's Assorted Antiques.
  1329 | D:2      | Bought a purple potion for 16 gold pieces
  1329 | D:2      | Bought a green potion for 16 gold pieces
  1412 | D:2      | Reached XP level 4. HP: 38/38 MP: 5/5
  1642 | D:3      | Found a runed translucent door.
  1643 | D:3      | Noticed Crazy Yiuf
  1714 | D:3      | Reached skill level 1 in Conjurations
  1714 | D:3      | Reached skill level 1 in Hexes
  1714 | D:3      | Reached skill level 1 in Summonings
  1714 | D:3      | Reached skill level 1 in Necromancy
  1714 | D:3      | Reached skill level 1 in Translocations
  1714 | D:3      | Reached skill level 1 in Transmutations
  1714 | D:3      | Reached skill level 1 in Fire Magic
  1714 | D:3      | Reached skill level 1 in Ice Magic
  1714 | D:3      | Reached skill level 1 in Air Magic
  1714 | D:3      | Reached skill level 1 in Earth Magic
  1714 | D:3      | Reached skill level 1 in Poison Magic
  1766 | D:3      | Reached XP level 5. HP: 16/43 MP: 7/7
  2548 | D:3      | Killed Crazy Yiuf
  2924 | D:4      | Reached XP level 6. HP: 43/50 MP: 8/8
  3017 | D:4      | Reached skill level 5 in Fighting
  3017 | D:4      | Reached skill level 5 in Dodging
  3238 | D:4      | Noticed Duvessa
  3238 | D:4      | Noticed Dowan
  4247 | D:4      | Killed Duvessa
  4248 | D:4      | Reached XP level 7. HP: 9/56 MP: 10/10
  4255 | D:4      | Killed from afar by Dowan

Illustrated notes

Levels and vault maps discovered:
D:1:      dpeg_arrival_pits, layout_basic
D:2:      layout_basic, serial_shops, nicolae_shop_trees, nicolae_diamond_shop,
          shop, shop_coins, shop, st_stairs_4, minmay_pentomino_x4
D:3:      minmay_inner_zag, layout_basic, kennysheep_donut, kennysheep_potato,
          uniq_crazy_yiuf_cottage
D:4:      layout_layer_cave, uniq_duvessa

Skill      XL: |  1  2  3  4  5  6 |
---------------+-------------------+-----
Invocations    | 1 2 |  2.7
Short Blades   | 1 2 |  2.4
Long Blades    | 1 2 |  2.4
Axes           | 1 2 |  2.4
Maces & Flails | 1 2 |  2.4
Polearms       | 1 2 |  2.4
Staves         | 1 2 |  2.4
Throwing       | 1 2 |  2.4
Armour         | 1 2 |  2.4
Shields        | 1 2 |  2.4
Unarmed Combat | 1 2 |  2.4
Spellcasting   | 1 2 |  2.4
Evocations     | 1 2 |  2.4
Conjurations   | 1 2 |  2.0
Hexes          | 1 2 |  2.0
Summonings     | 1 2 |  2.0
Necromancy     | 1 2 |  2.0
Translocations | 1 2 |  2.0
Transmutations | 1 2 |  2.0
Fire Magic     | 1 2 |  2.0
Ice Magic      | 1 2 |  2.0
Air Magic      | 1 2 |  2.0
Earth Magic    | 1 2 |  2.0
Poison Magic   | 1 2 |  2.0
Stealth        | 3 |  3.4
Fighting       | 5 |  5.2
Dodging        | 5 |  5.2
Ranged Weapons | |  8.9

Action                   |  1- 3 |  4- 6 |  7- 9 || total
-------------------------+-------+-------+-------++-------
Melee: Dagger            |    17 |    13 |       ||    30
       Bite              |     1 |       |       ||     1
       Quarterstaff      |       |     5 |     2 ||     7
 Fire: Shortbow          |    73 |   222 |       ||   295
  Use: Scroll            |     1 |     2 |       ||     3
       Potion            |       |     6 |     3 ||     9
Armor: Leather armour    |    11 |    32 |       ||    43
Dodge: Dodged            |    32 |    74 |       ||   106
Block: Other             |     3 |    21 |     2 ||    26
       Reflection        |       |     2 |       ||     2

Table legend: (Time is in decaauts)
 A = Elapsed time spent in this place.
 B = Non-inter-level travel time spent in this place.
 C = Inter-level travel time spent in this place.
 D = Time resting spent in this place.
 E = Time spent auto-exploring this place.
 F = Levels seen in this place.
 G = Mean time per level.
                   A        B        C        D        E       F      G
               +--------+--------+--------+--------+--------+-----+--------+
         Total |   4284 |   4108 |    176 |    612 |   2737 |   4 | 1071.0 |
       Dungeon |   4284 |   4108 |    176 |    612 |   2737 |   4 | 1071.0 |
               +--------+--------+--------+--------+--------+-----+--------+

Top non-repeatable levels by time:
     D:3: 1633 daAuts
     D:4: 1044 daAuts
     D:1: 846 daAuts
     D:2: 760 daAuts
